 Dungeon Crawl Stone Soup version 0.24-a0-106-gcea5463 (webtiles) character file.

Game seed: 8941656151072357093

5739 galech the Cleaver (level 10, -21/77 HPs)
             Began as a Demonspawn Fighter on Feb 12, 2019.
             Was a High Priest of Okawaru.
             Demolished by Grum
             ... wielding a +0 glaive of protection
              (24 damage)
             ... on level 9 of the Dungeon on Feb 13, 2019.
             The game lasted 00:11:57 (8871 turns).

galech the Cleaver (Demonspawn Fighter)             Turns: 8871, Time: 00:11:58

Health: -21/77     AC: 13    Str: 19    XL:     10   Next: 49%
Magic:  0/10       EV:  8    Int: 10    God:    Okawaru [*****.]
Gold:   396        SH: 19    Dex: 16    Spells: 9/9 levels left

rFire    . . .     SeeInvis .   O - +1 hand axe (flame)
rCold    + . .     Gourm    .   c - +0 shield
rNeg     + . .     Faith    .   P - +2 chain mail {rC+}
rPois    .         Spirit   +   E - +1 hat
rElec    .         Reflect  .   (no cloak)
rCorr    .         Harm     .   j - +0 pair of gloves
MR       .....                  (no boots)
Stlth    ..........             (no amulet)
HPRegen  0.22/turn              N - ring of positive energy
MPRegen  0.12/turn              q - +3 ring of strength

@: no status effects
A: claws 1, large bone plates 3, spiny 1, magic shield
a: Heroism, Finesse, Renounce Religion


You were on level 9 of the Dungeon.
You worshipped Okawaru.
Okawaru was extremely pleased with you.
You were not hungry.

You visited 2 branches of the dungeon, and saw 10 of its levels.

You collected 452 gold pieces.
You spent 56 gold pieces at shops.

Inventory:

Hand Weapons
 a - a +0 war axe
 O - a +1 hand axe of flaming (weapon)
Armour
 c - a +0 shield (worn)
 j - a +0 pair of gloves (worn)
 E - a +1 hat (worn)
 P - a +2 chain mail of cold resistance (worn)
Jewellery
 m - a +3 ring of intelligence
 q - a +3 ring of strength (right hand)
 r - an uncursed ring of ice
 N - a ring of positive energy (left hand)
Wands
 l - a wand of acid (15)
 x - a wand of digging (5)
 y - a wand of random effects (14)
 D - a wand of paralysis (4)
 F - a wand of iceblast (7)
Scrolls
 d - 3 scrolls of enchant armour
 h - a scroll of noise
 i - 2 scrolls of blinking
 k - 9 scrolls of remove curse
 p - 2 scrolls of fear
 s - 2 scrolls of enchant weapon
 t - 3 scrolls of amnesia
 u - 6 scrolls of teleportation
 w - 4 scrolls of magic mapping {unknown}
 J - 4 scrolls of immolation
 K - a scroll of identify
Potions
 e - a potion of agility {unknown}
 g - 2 potions of ambrosia {unknown}
 n - 3 potions of haste
 o - 2 potions of lignification {unknown}
 v - 2 potions of resistance {unknown}
 z - 2 potions of degeneration {unknown}
 B - a potion of might
 C - a potion of invisibility
 G - a potion of magic {unknown}
 H - 3 potions of heal wounds {unknown}
 I - 3 potions of curing
 M - 2 potions of flight {unknown}
Comestibles
 b - 2 chunks of flesh
 f - 18 rations


   Skills:
 + Level 6.8 Fighting
 + Level 8.9 Axes
 + Level 4.5 Armour
 + Level 4.5 Dodging
 + Level 2.0 Stealth
 + Level 8.2 Shields
 + Level 0.8 Unarmed Combat
 + Level 1.1 Invocations


You had 9 spell levels left.
You didn't know any spells.
Your spell library contained the following spells:

 Spells                   Type           Power        Failure   Level  Hunger
 Magic Dart               Conj           #...         100%        1    ##.....
 Blink                    Tloc           N/A          100%        2    ###....
 Call Imp                 Summ           #.......     100%        2    ###....
 Slow                     Hex            #.......     100%        2    ###....
 Conjure Flame            Conj/Fire      #.......     100%        3    ####...
 Mephitic Cloud           Conj/Pois/Air  #.......     100%        3    ####...


Dungeon Overview and Level Annotations

Branches:
Dungeon (9/15)             Temple (1/1) D:4
   Lair: D:8-11         Orc: D:9-12

Altars:
Ashenzari
Cheibriados
Dithmenos
Elyvilon
Fedhas
Gozag
Hepliaklqana
Kikubaaqudgha
Makhleb
Nemelex Xobeh
Okawaru
Qazlal
Sif Muna
Trog
Wu Jian
Xom
Zin
The Shining One

Shops:
D:4 }   D:6 ***%?

Annotations:
D:9 Grum


Innate Abilities, Weirdness & Mutations

You have sharp fingernails.
You are completely covered in large bone plates. (SH +8)
You are partially covered in sharp spines.
When hurt, damage is shared between your health and your magic reserves.


Message History

You are too injured to fight recklessly!
You are too injured to fight recklessly!
You are too injured to fight recklessly!
You are too injured to fight recklessly!
You are too injured to fight recklessly!
You are too injured to fight recklessly!
You are too injured to fight recklessly!
You hit the wolf. You burn the wolf.
You kill the wolf!
Okawaru accepts your kill. Something hits you but does no damage.
Found a ring mail.
Something hits you.
You completely miss something. Something hits you!!
* * * LOW HITPOINT WARNING * * *
You hit something. You burn something. You closely miss something.
Something hits you!!
* * * LOW HITPOINT WARNING * * *
You barely miss something. Something hits you!!
You die...

#####....P..........# #.
#.....P.P.....P...#.####.
#.####P.PP.P...P.P#......
. ##.....P.P..##.####. #.
##.....P...#. #.# #.
#<#........###. #.# #.
#...!....## #.
##.#.....### #.
#..<..{@...# #.
#.#.........# #.
#.#.........#
...........#
###...........
#.........### #.........#
#...[.....#


There were no monsters in sight!

Vanquished Creatures
  The ghost of nht the Carver, a novice DsBe of Trog (D:7)
  Pikel (D:7)
  2 hornets (D:9)
  A hippogriff (D:7)
  Menkaure (D:4)
  Duvessa (D:7)
  A water moccasin (D:8)
  A slave (D:7)
  2 sky beasts
  2 ice beasts
  2 black bears
  3 phantoms
  5 ogres
  A centaur (D:9)
  A crocodile (D:9)
  2 wolves (D:9)
  2 bullfrogs
  A gnoll sergeant (D:7)
  A water moccasin zombie (D:7)
  Dowan (D:7)
  4 scorpions
  9 killer bees (D:7)
  2 howler monkeys
  5 crimson imps
  4 jellies
  An orc priest (D:8)
  3 hounds
  3 iguanas
  8 orc wizards
  Ijyb (D:4)
  6 worker ants
  A hound skeleton (D:6)
  A worker ant zombie (D:8)
  9 adders
  8 gnolls
  A shadow imp (D:5)
  An ooze (D:3)
  An adder zombie (D:7)
  An adder skeleton (D:4)
  4 worms
  2 dart slugs
  8 leopard geckos
  20 orcs
  7 bats
  7 giant cockroaches
  6 goblins
  3 hobgoblins
  18 jackals
  7 kobolds
  A quokka (D:2)
  6 frilled lizards
  A quokka zombie (D:5)
  3 rats
194 creatures vanquished.

Vanquished Creatures (others)
  A phantom (D:7)
  2 fungi (D:9)
3 creatures vanquished.

Grand Total: 197 creatures vanquished

Notes
Turn   | Place    | Note
-------+----------+-------------------------------------------
     0 | D:1      | galech the Demonspawn Fighter began the quest for the Orb.
     0 | D:1      | Reached XP level 1. HP: 18/18 MP: 1/1
   132 | D:1      | Gained mutation: When hurt, damage is shared between your
                  | health and your magic reserves. [demonic ancestry]
   132 | D:1      | Reached XP level 2. HP: 23/24 MP: 2/2
   537 | D:1      | Gained mutation: You are partially covered in large bone
                  | plates. (SH +4) [demonic ancestry]
   537 | D:1      | Reached XP level 3. HP: 25/29 MP: 1/3
   936 | D:2      | Gained mutation: You are mostly covered in large bone
                  | plates. (SH +6) [demonic ancestry]
   936 | D:2      | Reached XP level 4. HP: 22/36 MP: 4/4
  2073 | D:3      | Found a stormy altar of Qazlal.
  2672 | D:4      | Found a staircase to the Ecumenical Temple.
  2682 | D:4      | Noticed Ijyb
  2685 | Temple   | Entered the Ecumenical Temple
  2754 | Temple   | Became a worshipper of Warmaster Okawaru
  2780 | Temple   | Reached XP level 5. HP: 31/42 MP: 5/5
  2876 | D:4      | Killed Ijyb
  2927 | D:4      | Noticed an ogre
  2936 | D:4      | Killed an ogre
  2936 | D:4      | Gained mutation: You are completely covered in large bone
                  | plates. (SH +8) [demonic ancestry]
  2936 | D:4      | Reached XP level 6. HP: 26/48 MP: 3/6
  3418 | D:4      | Noticed Menkaure
  3425 | D:4      | Killed Menkaure
  3425 | D:4      | Reached * piety under Okawaru
  3425 | D:4      | Reached skill level 1 in Dodging
  3590 | D:4      | Found Duedynof's Gadget Emporium.
  3781 | D:4      | Reached XP level 7. HP: 49/55 MP: 7/7
  3937 | D:5      | Entered Level 5 of the Dungeon
  4299 | D:5      | Reached skill level 1 in Stealth
  4693 | D:5      | Reached skill level 5 in Axes
  4812 | D:5      | Reached skill level 5 in Shields
  4812 | D:5      | Gained mutation: You are partially covered in sharp spines.
                  | [demonic ancestry]
  4812 | D:5      | Reached XP level 8. HP: 60/61 MP: 8/8
  4984 | D:6      | Found Atuzuz's Assorted Antiques.
  5012 | D:6      | Found a glowing golden altar of the Shining One.
  5040 | D:6      | Upgraded the game from 0.24-a0-102-g7635c99 to
                  | 0.24-a0-106-gcea5463
  5085 | D:6      | Reached ** piety under Okawaru
  5120 | D:6      | Found Wumaph's General Store.
  5187 | D:6      | Bought 2 scrolls of identify for 56 gold pieces
  5208 | D:6      | Found Horiamni's Magic Scroll Boutique.
  5284 | D:6      | Found Syiryloang's Food Boutique.
  5368 | D:6      | Reached skill level 5 in Fighting
  5561 | D:6      | Found Zakkyru's General Store.
  6068 | D:7      | Found a runed translucent gate.
  6068 | D:7      | Found a runed translucent gate.
  6069 | D:7      | Found a runed translucent gate.
  6088 | D:7      | Noticed a hippogriff
  6105 | D:7      | Killed a hippogriff
  6105 | D:7      | Gained mutation: You have sharp fingernails. [demonic
                  | ancestry]
  6105 | D:7      | Reached XP level 9. HP: 27/68 MP: 4/9
  6117 | D:7      | Reached *** piety under Okawaru
  6468 | D:7      | Noticed Pikel
  6482 | D:7      | Killed Pikel
  6482 | D:7      | Reached **** piety under Okawaru
  6808 | D:7      | Noticed nht's ghost (novice DsBe)
  6834 | D:7      | Killed nht's ghost
  7208 | D:8      | Reached skill level 1 in Invocations
  7233 | D:8      | Reached XP level 10. HP: 66/77 MP: 8/10
  7585 | D:7      | Noticed Dowan
  7586 | D:7      | Noticed Duvessa
  7591 | D:7      | Killed Dowan
  7612 | D:7      | Killed Duvessa
  7857 | D:7      | Found a burning altar of Makhleb.
  7860 | D:7      | Found a sparkling altar of Nemelex Xobeh.
  7860 | D:7      | Found a deep blue altar of Sif Muna.
  7860 | D:7      | Found a shattered altar of Ashenzari.
  7864 | D:7      | Found a glowing silver altar of Zin.
  8657 | D:9      | Paralysed by a hornet for 1 turns
  8666 | D:9      | Reached ***** piety under Okawaru
  8853 | D:9      | Noticed Grum
  8870 | D:9      | HP: 3/77 [something (16)]
  8871 | D:9      | Demolished by Grum

Levels and vault maps discovered:
D:1:      wheals_arrival_shading, layout_basic
D:2:      layout_loops_ring, first_ration
D:3:      layout_basic, kennysheep_flooded_box, minivault_14
D:4:      layout_basic, minmay_temple_entry_slanted, serial_shops,
          nicolae_shop_behind_doors, uniq_menkaure, uniq_ijyb
D:5:      layout_basic
D:6:      layout_layer_cave, old_standard_altar, serial_glass, glass_columns_b,
          glass_columns_a, feat_on_display, due_unseen_surprise, serial_shops,
          shop, shop, shop, shop, shop, palyth_stone_intersect
D:7:      kb_forest_paths, layout_basic, minitemple, ebering_ghost_rock_garden,
          uniq_duvessa, uniq_pikel
D:8:      layout_basic
D:9:      layout_loops_ring, vehumet_statue, kennysheep_mini,
          grunt_lair_entry_orc_guard_hut, uniq_maurice, uniq_grum, uniq_erolcha
Temple:   zaba_magenta_temple

Skill      XL: |  1  2  3  4  5  6  7  8  9 10 |
---------------+-------------------------------+-----
Axes           | 2 3 4 5 6 7 8 |  8.9
Armour         | 3 4 |  4.5
Shields        | 3 4 5 6 7 8 |  8.2
Fighting       | 4 5 6 |  6.8
Dodging        | 1 2 3 4 |  4.5
Stealth        | 1 2 |  2.0
Invocations    | 1 |  1.1
Unarmed Combat | |  0.8

Action                   |  1- 3 |  4- 6 |  7- 9 | 10-12 || total
-------------------------+-------+-------+-------+-------++-------
Melee: War axe           |   101 |   198 |   353 |    56 ||   708
       Unarmed           |       |       |    14 |       ||    14
       Hand axe          |       |       |       |   132 ||   132
Invok: Heroism           |       |       |     2 |     1 ||     3
Evoke: Wand              |       |       |     1 |       ||     1
  Use: Potion            |       |     1 |     3 |       ||     4
       Scroll            |       |       |     9 |       ||     9
 Stab: Sleeping          |       |       |     2 |     1 ||     3
       Confused          |       |       |     1 |       ||     1
  Eat: Chunk             |       |     5 |    13 |     5 ||    23
       Ration            |       |     1 |       |       ||     1
Armor: Scale mail        |    56 |    27 |       |       ||    83
       Leather armour    |       |    16 |    48 |     5 ||    69
       Skin              |       |       |     1 |       ||     1
       Chain mail        |       |       |       |    33 ||    33
Dodge: Dodged            |    18 |    47 |    82 |    30 ||   177
Block: Shield            |    84 |   174 |   334 |   152 ||   744

Table legend:
 A = Non-vault XP
 B = Vault XP
 C = Vault XP percentage of total XP
 D = Non-vault monster count
 E = Vault monster count
 F = Vault count percentage of total count
                 A         B        C        D         E       F
            +---------+---------+-------+---------+---------+-------
      Total |    5391 |    2808 |  34.2 |     177 |      17 |   8.8
            +---------+---------+-------+---------+---------+-------
        D:1 |      46 |       0 |   0.0 |      25 |       0 |   0.0
        D:2 |      94 |       0 |   0.0 |      18 |       0 |   0.0
        D:3 |      43 |       0 |   0.0 |      14 |       0 |   0.0
        D:4 |     358 |     208 |  36.7 |      20 |       2 |   9.1
        D:5 |     640 |       0 |   0.0 |      14 |       0 |   0.0
        D:6 |     925 |       0 |   0.0 |      23 |       0 |   0.0
        D:7 |    1641 |    1980 |  54.7 |      38 |       9 |  19.1
        D:8 |     912 |       0 |   0.0 |      20 |       0 |   0.0
        D:9 |     690 |     620 |  47.3 |       4 |       6 |  60.0
     Temple |      42 |       0 |   0.0 |       1 |       0 |   0.0
            +---------+---------+-------+---------+---------+-------
